 Dungeon Crawl Stone Soup version 0.29-a0-925-g0a7a3d12f8 (webtiles) character file.

Game seed: 14735478234267626866

178438 CannotBeFrozen the Alchemist (level 17, -2/115 (129) HPs)
             Began as a Human Artificer on July 29, 2022.
             Was a High Priest of Ru.
             Succumbed to an emperor scorpion's poison
             ... on level 4 of the Spider Nest.
             The game lasted 03:44:46 (57430 turns).

CannotBeFrozen the Alchemist (Human Artificer)     Turns: 57430, Time: 03:44:47

HP:   -2/115 (129)  AC: 35    Str: 19    XL:     17   Next: 87%
MP:   6/35          EV:  8    Int: 21    God:    Ru [*****.]
Gold: 2180          SH:  0    Dex: 14    Spells: 27/45 levels left

rFire   . . .      SeeInvis +   w - staff of conjuration
rCold   . . .      Faith    .   (no shield)
rNeg    . . .      Spirit   .   Y - +9 plate armour "Qyaral" {Int+5}
rPois   .          Reflect  .   O - +2 helmet {Int+3}
rElec   +          Harm     .   T - scarf {+Inv}
rCorr   .          Rampage  ∞   N - +0 pair of gloves {hurl}
Will    +....                   P - +3 pair of seven-league boots {Rampage+∞}
Stlth   ..........              x - amulet "Quiptuje" {Acrobat +Blink rElec}
HPRegen 0.29/turn               q - ring of see invisible
MPRegen 0.24/turn               Q - ring of wizardry

@: lethally poisoned (-2 -> -16), exhausted, very slightly contaminated, heavily
drained
A: inability to drink while threatened 2, hated by all, no fire magic, no hexes
magic, no translocations magic, inexperienced 1, no potion heal 1
a: Renounce Religion, Evoke Blink, Evoke Invisibility, Draw Out Power, Power
Leap, Apocalypse


You were on level 4 of the Spider Nest.
You worshipped Ru.
Ru was extremely pleased with you.
You visited 4 branches of the dungeon, and saw 26 of its levels.
You also visited: Ossuary, Gauntlet and Volcano.

You collected 3460 gold pieces.
You spent 1280 gold pieces at shops.

Inventory:

Hand Weapons
 a - a +0 quarterstaff of speed
Missiles
 S - 7 boomerangs
 X - 8 silver javelins
Armour
 N - a +0 pair of gloves of hurling (worn)
 O - a +2 helmet of intelligence (worn)
 P - the +3 pair of seven-league boots (worn) {Rampage+∞}
   (You found it in a Gauntlet)

   Its wearer moves as far as possible in that direction when moving towards
   enemies.
 T - a scarf of invisibility (worn)
 Y - the +9 plate armour "Qyaral" (worn) {Int+5}
   (You took it off a minotaur in a Gauntlet)

   Int:       It affects your intelligence (+5).
Magical Staves
 b - a staff of earth
 w - a staff of conjuration (weapon)
Jewellery
 q - a ring of see invisible (left hand)
 t - a ring of protection from fire
 x - the amulet "Quiptuje" (around neck) {Acrobat +Blink rElec}
   (You bought it in a shop on level 15 of the Dungeon)

   [amulet of the acrobat]

   It increases your evasion while moving and waiting.
   rElec:     It insulates you from electricity.
   +Blink:    It lets you blink.
 A - a ring of magical power
 C - a ring of willpower
 K - a ring of poison resistance
 Q - a ring of wizardry (right hand)
 U - a ring of positive energy
Wands
 e - a wand of iceblast (13)
 n - a wand of mindburst (11)
 p - a wand of digging (9)
 r - a wand of quicksilver (22)
 J - a wand of flame (35)
 R - a wand of paralysis (10)
Scrolls
 c - 2 scrolls of enchant weapon
 d - 2 scrolls of blinking
 f - 4 scrolls of magic mapping
 g - 4 scrolls of enchant armour
 k - 2 scrolls of fear
 l - 5 scrolls of teleportation {@r2}
 y - 6 scrolls of vulnerability
 E - a scroll of silence
 F - 8 scrolls of amnesia
 H - 2 scrolls of immolation
 M - a scroll of poison
 V - 3 scrolls of brand weapon
 Z - 18 scrolls of identify {@r1}
Potions
 h - 7 potions of attraction
 i - 7 potions of curing {@q1}
 j - 4 potions of flight
 m - 6 potions of heal wounds {@q2}
 o - 6 potions of might
 s - a potion of mutation
 u - 10 potions of brilliance
 v - 6 potions of lignification
 z - 4 potions of resistance
 B - 2 potions of invisibility
 D - 7 potions of haste
 G - 2 potions of berserk rage
 I - 2 potions of ambrosia
 L - a potion of magic
Miscellaneous
 W - a condenser vane (inert)


   Skills:
 - Level 10.4 Fighting
 - Level 6.0 Staves
 + Level 15.0 Armour
 - Level 3.5 Dodging
 - Level 2.0 Stealth
 + Level 14.5 Spellcasting
 - Level 10.0 Conjurations
 - Level 15.0 Transmutations
 - Level 5.0 Earth Magic
 + Level 14.8 Evocations


You had 27 spell levels left.
You knew the following spells:

 Your Spells              Type           Power      Damage    Failure   Level
a - Irradiate             Conj/Tmut      40%        3d25      3%          5
b - Blade Hands           Tmut           33%        N/A       1%          5
p - Passwall              Tmut/Erth      45%        N/A       1%          2
w - Wereblood             Tmut           67%        N/A       1%          2
z - Petrify               Tmut/Erth      55%        N/A       3%          4

Your spell library contained the following spells:

 Spells                   Type           Power      Damage    Failure   Level
 Beastly Appendage        Tmut           100%       N/A       1%          1
 Magic Dart               Conj           100%       1d8       1%          1
 Spider Form              Tmut/Pois      46%        N/A       2%          3
 Static Discharge         Conj/Air       53%        3-10/arc  4%          2
 Iskenderun's Battlesphe  Conj           72%        2d12      9%          5
 Ice Form                 Ice/Tmut       46%        N/A       10%         4
 Mephitic Cloud           Conj/Pois/Air  43%        N/A       16%         3
 Hailstorm                Conj/Ice       53%        3d12      26%         4
 Alistair's Intoxication  Tmut/Pois      30%        N/A       26%         5
 Sublimation of Blood     Necr           15%        N/A       30%         2
 Dragon Form              Tmut           33%        N/A       34%         7
 Statue Form              Tmut/Erth      36%        N/A       45%         6
 Swiftness                Air            15%        N/A       50%         3
 Vampiric Draining        Necr           15%        2d7       50%         3
 Freezing Cloud           Conj/Ice/Air   21%        6-21      78%         5
 Eringya's Noxious Bog    Tmut/Pois      23%        N/A       78%         6
 Iron Shot                Conj/Erth      31%        9d6       78%         6
 Dispel Undead            Necr           15%        3d10      87%         4
 Borgnjor's Vile Clutch   Necr/Erth      12%        N/A       87%         5
 Orb of Destruction       Conj           36%        9d11      93%         7
 Conjure Ball Lightning   Conj/Air       26%        3x3d7     98%         6
 Ignite Poison            Fire/Tmut/Pois Unusable   N/A       N/A         3
 Slow                     Hex            Unusable   N/A       N/A         1
 Sticky Flame             Conj/Fire      Unusable   2d7       N/A         4
 Call Imp                 Summ           Unusable   N/A       N/A         2
 Ensorcelled Hibernation  Hex/Ice        Unusable   N/A       N/A         2
 Confusing Touch          Hex            Unusable   N/A       N/A         3
 Summon Guardian Golem    Hex/Summ       Unusable   N/A       N/A         3
 Animate Armour           Summ/Erth      Unusable   N/A       N/A         4
 Fireball                 Conj/Fire      Unusable   3d12      N/A         5
 Cause Fear               Hex            Unusable   N/A       N/A         4
 Metabolic Englaciation   Hex/Ice        Unusable   N/A       N/A         5
 Simulacrum               Ice/Necr       Unusable   N/A       N/A         6
 Spellforged Servitor     Conj/Summ      Unusable   N/A       N/A         7
 Dragon's Call            Summ           Unusable   N/A       N/A         9

Dungeon Overview and Level Annotations

Branches:
Dungeon (15/15)            Temple (0/1) D:7            Lair (5/5) D:8
  Swamp (0/4) Lair:2       Spider (4/4) Lair:3        Slime (0/5) Lair:5
    Orc (2/2) D:10            Elf (0/3) Orc:2        Vaults (0/5) D:13
 Depths (0/4) D:15        Ossuary (visited)         Volcano (visited)
Gauntlet (visited)

Altars:
Ashenzari
Gozag
Makhleb
Qazlal
Ru
Sif Muna
Xom
Zin
The Shining One

Shops:
D:2 [   D:15 =   Orc:2 *[*(


Innate Abilities, Weirdness & Mutations

You sometimes lose the ability to drink potions when taking damage.
You are hated by all.
You cannot study or cast Fire magic.
You cannot study or cast Hexes magic.
You cannot study or cast Translocations magic.
You are somewhat inexperienced. (-1 XL)
Potions are less effective at restoring your health.


Message History

The ghost moth is engulfed in freezing vapours. x2
The spark wasp is engulfed in freezing vapours.
The emperor scorpion is engulfed in freezing vapours.
The emperor scorpion is stunned by your conviction and fails to attack.
The ghost moth stares at you.
You feel your power leaking away.
* * * LOW MAGIC WARNING * * *
HP: 37/115 (-13) MP: 4/35 (-9) ===--------- !
You cannot drink potions in your current state!
Blink to where?
Press: ? - help, Dir - move target, p - emperor scorpion
As you read the scroll of blinking, it crumbles to dust.
* * * LOW HITPOINT WARNING * * *
You feel extremely sick.
HP: 26/115 (-11) ==----------
As you read the scroll of teleportation {@r2}, it crumbles to dust.
You feel strangely unstable.
* * * LOW HITPOINT WARNING * * *
You feel extremely sick.
HP: 17/115 (-9) =-----------
* * * LOW HITPOINT WARNING * * *
You feel extremely sick.
HP: 11/115 (-6) =----------- You cannot drink potions in your current state!
* * * LOW HITPOINT WARNING * * *
You feel very sick.
HP: 6/115 (-5) ------------
Okay, then.
Okay, then.
You cannot drink potions in your current state!
Your surroundings suddenly seem different.
You are caught in the web!
You can drink potions again.
* * * LOW HITPOINT WARNING * * *
You feel very sick.
There is a web here.
HP: 1/115 (-5) ------------
Okay, then.
You disentangle yourself.
You die...

##^.#....###^##..###...###.....#
#..#.....####(".####..#.#.###..
#####..#.#..##.#.....#.#....####...
^#....####.##.....##.#.....## #...
...(.## ###....#..####..### #.#.
.^.#..## ##...###..#..##..# ###.
#..#..^# #...## #.....#...### ###^
..^##### #.### ##..####..#.# #...
..########## ##@^##..##..^# #...
#..##.#.### #...#..##....## #...
......#...# ##......^###.^.###..#
###......## #..##..####^.#..#..##
#^.##^.### ##.#......#..####..^.
#####....# ###.#...##.....###..
#.....############....#..#####^
#........^.^.^..#.....#..##..##
#.............^.########..#^...


There were no monsters in sight!

Vanquished Creatures
  Mlioglotl (Spider:2)
  Gastronok (Lair:2)
  Roxanne (D:14)
  6 emperor scorpions
  A frost giant (D:12)
  3 ghost moths (Spider:4)
  4 broodmothers
  5 entropy weavers
  A minotaur (Gauntlet)
  A spark wasp (Spider:4)
  2 ettins
  Snorg (D:10)
  6 hydras
  A vault guard (D:13)
  5 boulder beetles
  A salamander tyrant (D:14)
  3 radroaches
  A jorogumo (Spider:2)
  4 ogre magi
  21 two-headed ogres
  A centaur warrior (D:15)
  9 death yaks
  A fire crab (Gauntlet)
  Lodul (D:12)
  2 pharaoh ants
  2 salamander mystics (D:14)
  12 orb spiders
  3 deep trolls
  A sun moth (Spider:3)
  7 steelbarb worms
  3 wizards
  An orange crystal statue (D:12)
  A swamp dragon (Lair:2)
  An orc knight (Orc:2)
  25 wolf spiders
  4 necromancers
  5 deep elf pyromancers
  An ugly thing (D:12)
  8 cyclopes
  4 orc sorcerers
  4 salamanders (D:14)
  2 manticores
  16 elephants
  A moth of wrath (Spider:4)
  A guardian serpent (Lair:5)
  11 black mambas
  Joseph (D:10)
  14 cane toads
  A gargoyle (Volcano)
  7 torpor snails
  An unseen horror (D:13)
  2 freezing wraiths (D:11)
  2 efreet
  Psyche (D:10)
  5 demonic crawlers
  7 rime drakes
  2 tengu conjurers
  7 komodo dragons
  A burning bush (Lair:1)
  14 trolls
  8 hornets
  10 polar bears
  22 tarantellas
  A merfolk (D:10)
  4 meliai
  2 raiju (Lair:5)
  7 blink frogs
  15 slime creatures
  21 jumping spiders
  Sigmund (D:3)
  A spriggan (shapeshifter) (D:13)
  2 vampires
  2 wraiths
  12 wyverns
  25 culicivoras
  2 fire elementals (Volcano)
  A centaur simulacrum (D:15)
  17 humans
  53 yaks
  3 fire bats (Gauntlet)
  4 basilisks
  A steam dragon (D:7)
  13 vampire mosquitoes
  73 redbacks
  10 wargs
  13 hell hounds (Lair:5)
  An acid dragon (D:11)
  17 water moccasins
  14 orc warriors
  3 ice beasts
  A sky beast (D:8)
  18 black bears
  13 wolves (Lair:5)
  31 ogres
  3 centaurs
  3 kobold brigands
  An elf zombie (D:4)
  13 bullfrogs
  3 necrophages
  3 scorpions
  4 elf skeletons (D:4)
  15 wights
  25 killer bees
  An electric eel (Lair:3)
  2 howler monkeys
  3 hounds
  A human zombie (D:4)
  8 orc priests
  A jelly (D:5)
  Crazy Yiuf (D:3)
  A jelly (shapeshifter) (D:15)
  4 human skeletons (D:4)
  4 iguanas
  Natasha (thrice) (D:3)
  Terence (D:2)
  9 orc wizards
  8 mummies (Ossuary)
  Robin (D:4)
  11 gnolls
  3 adders
  2 shadow imps
  5 white imps
  An ufetubus (D:5)
  3 worms
  4 dart slugs
  54 orcs
  5 endoplasms
  3 giant cockroaches
  A gnoll zombie (Ossuary)
  15 goblins
  4 hobgoblins
  14 jackals
  23 kobolds
  A quokka (D:1)
  12 ball pythons
  6 bats
  5 frilled lizards
  3 hobgoblin zombies (Ossuary)
  3 kobold zombies (Ossuary)
  2 orc zombies
  5 rats
985 creatures vanquished.

Vanquished Creatures (others)
  A deep elf annihilator (D:12)
  A hydra (D:12)
  A deep troll (Orc:2)
  An ugly thing (D:12)
  A wolf spider (Spider:1)
  An elephant (Lair:4)
  A cyclops (Orc:2)
  A torpor snail (Gauntlet)
  A cane toad (Lair:1)
  A komodo dragon (Lair:3)
  An efreet (D:14)
  A polar bear (Lair:5)
  3 yaks
  2 redbacks (Spider:4)
  A human (D:13)
  An orc warrior (Orc:1)
  An ogre (Orc:2)
  A bullfrog (Lair:1)
  An orc wizard (D:6)
  2 kobolds
  3 bushes (Lair:2)
  4 demonic plants (D:1)
  44 fungi
  184 plants
  2 starspawn tentacles (Spider:2)
  A withered plant (D:1)
262 creatures vanquished.

Grand Total: 1247 creatures vanquished

Notes
Turn   | Place    | Note
-------+----------+-------------------------------------------
     0 | D:1      | CannotBeFrozen the Human Artificer began the quest for the
                  | Orb.
     0 | D:1      | Reached XP level 1. HP: 15/15 MP: 1/1
   367 | D:1      | Reached XP level 2. HP: 21/21 MP: 2/2
   663 | D:1      | Found a faded altar of an unknown god.
   860 | D:1      | Prayed at the altar of an unknown god.
   860 | D:1      | Became a worshipper of Ru the Awakened
   863 | D:1      | Gained mutation: You are hated by all. [Ru sacrifice]
   863 | D:1      | Reached * piety under Ru
   863 | D:1      | Reached ** piety under Ru
   972 | D:1      | Reached XP level 3. HP: 26/26 MP: 3/3
  1373 | D:2      | You fall into a shaft and drop 2 floors!
  1375 | D:4      | Noticed a water moccasin
  1471 | D:4      | Reached XP level 4. HP: 15/33 MP: 2/4
  1531 | D:4      | Killed a water moccasin
  1532 | D:4      | Reached XP level 5. HP: 15/41 MP: 2/5
  1652 | D:4      | HP: 2/41 [human skeleton (1)]
  1723 | D:4      | Found a sand-covered staircase.
  1729 | Ossuary  | Entered an ossuary
  1996 | Ossuary  | Reached XP level 6. HP: 34/47 MP: 4/6
  2522 | D:4      | Reached skill level 5 in Evocations
  2595 | D:4      | Reached XP level 7. HP: 54/54 MP: 7/7
  2954 | D:4      | Reached skill level 5 in Fighting
  3897 | D:2      | Found Yssoez's Armour Boutique.
  3905 | D:2      | Noticed Terence
  3942 | D:2      | Killed Terence
  3943 | D:2      | Reached XP level 8. HP: 58/64 MP: 5/8
  4798 | D:3      | Noticed Natasha
  4800 | D:3      | Killed Natasha
  5000 | D:3      | Noticed Natasha
  5005 | D:3      | Killed Natasha
  5190 | D:3      | Noticed Natasha
  5192 | D:3      | Killed Natasha
  5329 | D:3      | Found a runed translucent door.
  5330 | D:3      | Noticed Crazy Yiuf
  5342 | D:3      | Killed Crazy Yiuf
  5638 | D:3      | Noticed Sigmund
  6081 | D:4      | Noticed Robin
  6094 | D:4      | Killed Robin
  6769 | D:4      | Learned a level 5 spell: Irradiate
  6780 | D:5      | Entered Level 5 of the Dungeon
  6925 | D:2      | Bought a +2 helmet of intelligence for 215 gold pieces
  7014 | D:5      | Reached skill level 1 in Spellcasting
  7014 | D:5      | Reached skill level 1 in Conjurations
  7014 | D:5      | Reached skill level 1 in Transmutations
  7089 | D:4      | Reached XP level 9. HP: 71/74 MP: 11/11
  7785 | D:5      | Found a glowing golden altar of the Shining One.
  8854 | D:6      | Found an opulent altar of Gozag.
  8861 | D:6      | Found a burning altar of Makhleb.
  8934 | D:7      | Identified a scroll of acquirement
  8934 | D:7      | Acquired a manual of Evocations
  9354 | D:7      | Found a staircase to the Ecumenical Temple.
  9408 | D:7      | Reached XP level 10. HP: 75/80 MP: 16/16
  9434 | D:7      | Reached skill level 1 in Staves
  9784 | D:7      | Found a sparkling altar of Nemelex Xobeh.
  9787 | D:7      | Found a stormy altar of Qazlal.
  9789 | D:7      | Found a shimmering altar of Xom.
  9789 | D:7      | Found a glowing silver altar of Zin.
  9789 | D:7      | Found a stormy altar of Qazlal.
 11172 | D:8      | Noticed an elephant
 11667 | D:8      | Reached skill level 5 in Armour
 11891 | D:8      | Reached skill level 5 in Staves
 12360 | D:8      | Found a staircase to the Lair.
 12437 | D:8      | Killed an elephant
 12438 | D:8      | Reached XP level 11. HP: 87/87 MP: 17/17
 12846 | D:8      | Found a shimmering blue altar of Sif Muna.
 12942 | D:9      | Noticed a two-headed ogre
 12978 | D:8      | Killed a two-headed ogre
 12979 | D:8      | Reached skill level 5 in Conjurations
 12979 | D:8      | Reached skill level 5 in Transmutations
 13372 | D:9      | Reached skill level 5 in Spellcasting
 13896 | D:9      | Gained mutation: You cannot study or cast Fire magic. [Ru
                  | sacrifice]
 13896 | D:9      | Gained mutation: You cannot study or cast Hexes magic. [Ru
                  | sacrifice]
 13896 | D:9      | Gained mutation: You cannot study or cast Translocations
                  | magic. [Ru sacrifice]
 13896 | D:9      | Reached *** piety under Ru
 14082 | D:9      | Noticed a two-headed ogre
 14109 | D:9      | Killed a two-headed ogre
 15048 | D:9      | Found a broken altar of Ashenzari.
 15388 | D:3      | Killed Sigmund
 15503 | D:10     | Entered Level 10 of the Dungeon
 15525 | D:10     | Noticed a two-headed ogre
 15707 | D:10     | Noticed a two-headed ogre
 15983 | D:10     | Found a staircase to the Orcish Mines.
 16030 | D:10     | Killed a two-headed ogre
 16241 | D:10     | Noticed Joseph
 16558 | D:10     | Noticed Psyche
 16578 | D:10     | Killed Psyche
 16850 | D:10     | Killed Joseph
 17200 | D:10     | Noticed Snorg
 17263 | Lair:1   | Entered Level 1 of the Lair of Beasts
 17263 | Lair:1   | Noticed an elephant
 17530 | Lair:1   | Reached XP level 12. HP: 75/94 MP: 22/22
 19920 | Lair:2   | Noticed a seven-headed hydra
 20096 | Lair:2   | Found a staircase to the Swamp.
 21751 | Lair:2   | Noticed Gastronok
 21833 | Lair:2   | Gained mutation: Your muscles are strong. (Str +4, Int/Dex
                  | -1) [mutagenic glow]
 22296 | Lair:2   | Noticed a swamp dragon
 22567 | D:8      | Reached XP level 13. HP: 58/99 MP: 12/25
 23014 | D:10     | Killed Snorg
 24047 | D:10     | Reached skill level 10 in Conjurations
 24047 | D:10     | Reached skill level 10 in Transmutations
 24696 | D:12     | Noticed Lodul
 25082 | D:12     | Killed Lodul
 25415 | D:12     | Noticed a frost giant
 25514 | Orc:1    | Entered Level 1 of the Orcish Mines
 25630 | Orc:1    | Reached skill level 10 in Spellcasting
 26083 | Orc:2    | Entered Level 2 of the Orcish Mines
 26390 | Orc:2    | Noticed an ogre mage
 26395 | Orc:2    | Paralysed by an ogre mage for 3 turns
 26416 | Orc:2    | Found a gate leading to a gauntlet.
 26425 | Gauntlet | Entered a Gauntlet
 26425 | Gauntlet | Found a transporter.
 26425 | Gauntlet | Found a transporter.
 26606 | Gauntlet | Found a transporter.
 26610 | Gauntlet | Found a transporter.
 26610 | Gauntlet | Found a transporter.
 26611 | Gauntlet | Found a transporter.
 26638 | Gauntlet | Found a transporter.
 26642 | Gauntlet | Found a transporter.
 26652 | Gauntlet | Found a transporter.
 26667 | Gauntlet | Found a runed translucent door.
 26668 | Gauntlet | Found a transporter.
 26668 | Gauntlet | Noticed a green death
 26669 | Gauntlet | Found a runed translucent door.
 26673 | Gauntlet | Found a transporter.
 26693 | Gauntlet | Found a transporter.
 26694 | Gauntlet | Found a runed translucent door.
 26748 | Gauntlet | Lost mutation: Your muscles are strong. (Str +4, Int/Dex
                  | -1) [mutagenic glow]
 26911 | Gauntlet | Found the +3 pair of seven-league boots {Rampage+∞}
 26989 | Gauntlet | Reached skill level 10 in Fighting
 27644 | Gauntlet | Identified the +9 plate armour "Qyaral" {Int+5}
 27644 | Gauntlet | Noticed a minotaur
 27649 | Gauntlet | Killed a minotaur
 27650 | Gauntlet | Reached XP level 14. HP: 91/104 MP: 17/28
 27702 | Gauntlet | Identified the +3 shortbow "Cyext" {freeze, rC++ Dex+10}
 28757 | Orc:2    | Reached skill level 10 in Evocations
 29047 | Orc:1    | Learned a level 5 spell: Blade Hands
 29988 | Orc:2    | Found a staircase to the Elven Halls.
 31292 | Orc:2    | Found Oraugir's Assorted Antiques.
 31301 | Orc:2    | Found Vaticzaa's Armour Emporium.
 31303 | Orc:2    | Found Zodeas's General Store.
 31312 | Orc:2    | Found Jutzakko's Weapon Shoppe.
 31316 | Orc:2    | Bought a scroll of teleportation for 45 gold pieces
 31756 | Lair:2   | Gained mutation: You are somewhat inexperienced. (-1 XL)
                  | [Ru sacrifice]
 31756 | Lair:2   | Reached XP level 13. HP: 104/104 MP: 36/36
 31756 | Lair:2   | Reached **** piety under Ru
 32275 | Lair:2   | Gained mutation: Potions are less effective at restoring
                  | your health. [mutagenic glow]
 32359 | Lair:2   | Killed Gastronok
 32814 | Lair:3   | Identified the +10 sling "Dogix" {venom, Will+}
 32837 | Lair:3   | Found a dark tunnel.
 32997 | Volcano  | Entered a volcano
 33636 | Lair:3   | Found a hole to the Spider Nest.
 34211 | Lair:3   | Reached XP level 14. HP: 103/111 MP: 28/28
 34490 | Lair:3   | Learned a level 2 spell: Wereblood
 34493 | Lair:3   | Learned a level 2 spell: Passwall
 36122 | Lair:5   | Entered Level 5 of the Lair of Beasts
 36391 | Lair:5   | Found a staircase to the Slime Pits.
 36848 | Lair:5   | Reached skill level 10 in Armour
 36867 | Lair:5   | Paralysed by a hornet for 2 turns
 36870 | Lair:5   | Reached skill level 1 in Earth Magic
 37167 | Lair:5   | Learned a level 4 spell: Petrify
 37831 | Lair:5   | Reached skill level 5 in Earth Magic
 38301 | Lair:5   | Reached XP level 15. HP: 45/113 MP: 11/30
 40037 | D:12     | Killed a frost giant
 40937 | D:12     | Noticed a frost giant
 41699 | D:12     | Identified the +3 leather armour of the Equinox {Will+
                  | Int+4}
 43171 | D:13     | Found a gate to the Vaults.
 43760 | D:14     | Gained mutation: You occasionally lose the ability to drink
                  | potions when taking damage. [Ru sacrifice]
 43760 | D:14     | Gained mutation: You sometimes lose the ability to drink
                  | potions when taking damage. [Ru sacrifice]
 43760 | D:14     | Reached ***** piety under Ru
 43952 | D:14     | Noticed Roxanne
 44356 | D:14     | Found the +3 salamander hide armour {Flames rF++ rC--}
 45153 | D:14     | Killed Roxanne
 45227 | D:15     | Entered Level 15 of the Dungeon
 45399 | D:14     | Reached XP level 16. HP: 114/123 MP: 23/33
 45551 | D:15     | Found a sacrificial altar of Ru.
 45612 | D:15     | Found Cirr's Jewellery Emporium.
 45632 | D:15     | Bought the amulet "Quiptuje" {Acrobat +Blink rElec} for
                  | 1020 gold pieces
 46476 | D:15     | Found a staircase to the Depths.
 47347 | Spider:1 | Entered Level 1 of the Spider Nest
 48241 | Spider:1 | Gained mutation: Your body sometimes deteriorates upon
                  | taking damage. [mutagenic glow]
 48677 | Spider:2 | Noticed Mlioglotl
 49766 | Spider:2 | Identified the +5 long sword "Ciroock" {holy, Will+ Stlth+}
 49932 | Spider:2 | Noticed a tentacled starspawn
 49937 | Spider:2 | Noticed an Executioner
 49939 | Spider:2 | Killed Mlioglotl
 50684 | Spider:3 | Reached XP level 17. HP: 100/129 MP: 18/34
 50689 | Spider:2 | Paralysed by a jorogumo for 3 turns
 53561 | Spider:4 | Entered Level 4 of the Spider Nest
 56370 | Spider:4 | Reached skill level 15 in Transmutations
 56679 | Spider:4 | Gained mutation: You are clumsy. (Dex -2) [mutagenic glow]
 57026 | Spider:4 | Reached skill level 15 in Armour
 57028 | Spider:4 | Gained mutation: You are frail. (-10% HP) [mutagenic glow]
 57290 | Spider:4 | Lost mutation: Your body sometimes deteriorates upon taking
                  | damage. [potion of mutation]
 57290 | Spider:4 | Lost mutation: You are clumsy. (Dex -2) [potion of
                  | mutation]
 57290 | Spider:4 | Lost mutation: You are frail. (-10% HP) [potion of
                  | mutation]
 57429 | Spider:4 | HP: 1/115 [poisoned by an emperor scorpion]
 57430 | Spider:4 | Succumbed to an emperor scorpion's poison

Illustrated notes

Levels and vault maps discovered:
D:1:      dpeg_arrival_snail, layout_basic, shapermc_ecumenical_altar_gd
D:2:      layout_basic, serial_shops, shop_fountains, uniq_terence
D:3:      layout_basic, uniq_sigmund, uniq_crazy_yiuf_cottage, uniq_natasha
D:4:      layout_basic, lemuel_coloured_pillars_altar,
          nicolae_ossuary_entry_catacombs, minmay_pentangle, uniq_robin
D:5:      layout_basic, mainiacjoe_overflow_boulevard, minmay_curled_crystal
D:6:      layout_rooms, amethyst_overflow_temple_binary
D:7:      layout_basic, doesnt_xom_only_xom, temple_pool_b
D:8:      layout_basic, tgw_sif, david_lair_generic
D:9:      layout_irregular_city, mainiacjoe_overflow_concentric_impassable,
          minmay_misc_feat_cross
D:10:     layout_gridville, david_orc_3, hangedman_stone_soup, uniq_psyche,
          uniq_joseph, uniq_snorg
D:11:     layout_gridville, corexii_leaking_fountain
D:12:     minmay_containers, layout_loops_ring, minmay_protected_statue,
          uniq_lodul
D:13:     layout_gridville, grunt_vaults_entry_tiered,
          amcnicky_mini_corridor_feature
D:14:     layout_loops_ring, hangedman_decor_clover_reticule,
          hellmonk_guarded_unrand_salamander, uniq_roxanne
D:15:     hangedman_depths_entry_civil_slaughter, layout_basic,
          nicolae_hepliaklqana_hazy_memory, serial_shops, nicolae_diamond_shop,
          dreamdust_mushroom_princess, nicolae_ru_the_path_less_chosen
Lair:1:   layout_long_grid, evilmike_ambush [evilmike_ambush_outer_basic,
          evilmike_ambush_inner_wall_2]
Lair:2:   layout_chaotic_city, minmay_swamp_entry_reptiles, serial_forest,
          infiniplex_forest_lined_corner, infiniplex_forest_straight_2,
          infiniplex_forest_pool, infiniplex_forest_side_room,
          infiniplex_forest_clump_tiny, infiniplex_forest_clump_double,
          infiniplex_forest_straight_2, infiniplex_forest_clump_medium,
          st_stairs_6, chequers_serial_rivers_small_b,
          chequers_serial_rivers_micro_e, beast_lair_carwin_9,
          serial_bayou_shore_b, uniq_gastronok
Lair:3:   layout_cave_shapes, hellmonk_spider_entry_not_the_bees,
          portal_ice_cave_rime, serial_bayou, serial_bayou_pond_b,
          serial_bayou_shore_a, serial_bayou_ford_a, serial_bayou_crossing,
          nicolae_volcano_entry_s_turn, wad_woods_road_02
Lair:4:   layout_gridlike
Lair:5:   hangedman_lair_caniforms_friends, layout_cave_shapes,
          hangedman_lair_tendril_chambers, slime_entry_1, grunt_megastairs_2,
          serial_bayou_shore_b, lemuel_fruit_tree
Spider:1: layout_spider_delve
Spider:2: layout_spider_delve, nicolae_spider_scorpion_nest, uniq_mlioglotl
Spider:3: layout_spider_delve, nicolae_spider_cling_halls
Spider:4: spider_rune_water
Orc:1:    layout_caves
Orc:2:    st_orc_open, layout_diamond_mine, gauntlet_entry_generic

Skill      XL: |  1  2  3  4  5  6  7  8  9 10 11 12 13 14 15 16 17 |
---------------+----------------------------------------------------+-----
Stealth        | 2 |  2.0
Fighting       | 3 4 5 8 10 | 10.4
Dodging        | 2 3 |  3.5
Evocations     | 4 5 6 7 11 13 14 | 14.8
Spellcasting   | 1 4 6 8 10 11 13 14 | 14.5
Conjurations   | 1 4 7 9 10 | 10.0
Transmutations | 1 4 7 9 11 12 13 14 15 | 15.0
Staves         | 6 |  6.0
Armour         | 5 8 10 12 14 15 | 15.0
Earth Magic    | 5 |  5.0

Action                   |  1- 3 |  4- 6 |  7- 9 | 10-12 | 13-15 | 16-18 || total
-------------------------+-------+-------+-------+-------+-------+-------++-------
Melee: Club              |    19 |       |       |       |       |       ||    19
       Mace              |     1 |       |       |       |       |       ||     1
       Short sword       |    23 |    39 |   186 |   266 |    84 |       ||   598
       Punch             |       |     1 |     2 |     7 |     5 |    14 ||    29
       Quarterstaff      |       |       |   155 |   497 |   832 |    25 ||  1509
       Staff             |       |       |       |       |   145 |   629 ||   774
       Unarmed           |       |       |       |       |       |     8 ||     8
 Fire: Arbalest          |    45 |    61 |   171 |    58 |     5 |       ||   340
       Shortbow          |       |       |       |       |    62 |       ||    62
Throw: Stone             |     7 |     1 |       |       |       |       ||     8
       Dart              |       |       |    17 |    87 |     3 |       ||   107
 Cast: Irradiate         |       |       |       |    14 |   309 |   138 ||   461
       Petrify           |       |       |       |       |       |    41 ||    41
       Blade Hands       |       |       |       |       |       |     3 ||     3
Invok: Sacrifice Love    |     1 |       |       |       |       |       ||     1
       Reject Sacrifices |       |       |     1 |     1 |     1 |     1 ||     4
       Sacrifice Arcana  |       |       |       |     1 |       |       ||     1
       Draw Out Power    |       |       |       |     1 |     5 |    12 ||    18
       Sacrifice Experie |       |       |       |       |     1 |       ||     1
       Power Leap        |       |       |       |       |     1 |       ||     1
       Sacrifice Drink   |       |       |       |       |     1 |       ||     1
 Abil: Evoke Invisibilit |       |       |       |       |     1 |       ||     1
Evoke: Wand              |     4 |     9 |     2 |     9 |    14 |     2 ||    40
       Condenser vane    |       |       |       |       |     1 |     1 ||     2
  Use: Potion            |       |     3 |       |     8 |     5 |     3 ||    19
       Scroll            |       |       |    10 |    13 |    11 |     3 ||    37
 Stab: Sleeping          |       |     1 |     2 |       |       |       ||     3
       Distracted        |       |       |     1 |     2 |     2 |     1 ||     6
       Confused          |       |       |     1 |       |       |       ||     1
       Invisible         |       |       |       |     1 |     6 |     8 ||    15
       Paralysed         |       |       |       |       |       |    13 ||    13
       Petrified         |       |       |       |       |       |    91 ||    91
       Petrifying        |       |       |       |       |       |     4 ||     4
Armor: Leather armour    |    18 |    11 |    16 |   127 |   171 |       ||   343
       Ring mail         |       |       |   193 |   218 |   327 |       ||   738
       Swamp dragon scal |       |       |       |       |   162 |       ||   162
       Plate armour      |       |       |       |       |   115 |   973 ||  1088
Dodge: Dodged            |    24 |    33 |   269 |   473 |   782 |   441 ||  2022

Table legend: (Time is in decaauts)
 A = Elapsed time spent in this place.
 B = Non-inter-level travel time spent in this place.
 C = Inter-level travel time spent in this place.
 D = Time resting spent in this place.
 E = Time spent auto-exploring this place.
 F = Levels seen in this place.
 G = Mean time per level.
                   A        B        C        D        E       F      G
               +--------+--------+--------+--------+--------+-----+--------+
         Total |  57547 |  54689 |   2858 |  25765 |  16703 |  29 | 1984.4 |
       Dungeon |  28108 |  26513 |   1595 |  10946 |   8907 |  15 | 1873.9 |
          Lair |  12849 |  12046 |    803 |   4867 |   4630 |   5 | 2569.8 |
   Spider Nest |   9788 |   9403 |    385 |   5965 |   1931 |   4 | 2447.0 |
  Orcish Mines |   4201 |   4127 |     74 |   2576 |    788 |   2 | 2100.5 |
       Ossuary |    831 |    831 |      0 |    545 |     89 |   1 |  831.0 |
       Volcano |    392 |    392 |      0 |     48 |    171 |   1 |  392.0 |
      Gauntlet |   1376 |   1376 |      0 |    816 |    186 |   1 | 1376.0 |
               +--------+--------+--------+--------+--------+-----+--------+

Top non-repeatable levels by time:
  Lair:1: 4399 daAuts
Spider:4: 3868 daAuts
  Lair:5: 3295 daAuts
     D:9: 2890 daAuts
    D:10: 2764 daAuts
     D:8: 2718 daAuts
     D:4: 2662 daAuts
Spider:1: 2597 daAuts
   Orc:1: 2390 daAuts
    D:12: 2349 daAuts
  Lair:2: 2008 daAuts
Spider:2: 1901 daAuts
     D:7: 1892 daAuts
   Orc:2: 1811 daAuts
    D:13: 1810 daAuts
